 Dungeon Crawl Stone Soup version 0.29-a0-664-gff9cad4a3d (webtiles) character file.

Game seed: 3518429945387481172

4631 DocClef the Blocker (level 10, -2/83 HPs)
             Began as a Gnoll Fighter on June 22, 2022.
             Was a Priest of Okawaru.
             Succumbed to an orange demon's poison
             ... on level 8 of the Dungeon.
             The game lasted 00:11:05 (9810 turns).

DocClef the Blocker (Gnoll Fighter)                 Turns: 9810, Time: 00:11:05

Health: -2/83      AC: 13    Str: 21    XL:     10   Next: 43%
Magic:  19/19      EV: 17    Int:  5    God:    Okawaru [***...]
Gold:   315        SH:  8    Dex: 17    Spells: 21/21 levels left

rFire   + + .      SeeInvis .   l - +1 flail (vorpal)
rCold   . . .      Faith    .   c - +0 buckler
rNeg    . . .      Spirit   .   D - +0 acid dragon scales
rPois   .          Reflect  .   i - +0 helmet
rElec   .          Harm     .   (no cloak)
rCorr   +          Rampage  .   (no gloves)
Will    .....      Rage     1%  p - +0 pair of boots
Stlth   ++++......              (no amulet)
HPRegen 0.23/turn               m - +6 ring of dexterity
MPRegen 0.16/turn               y - ring of protection from fire

@: lethally poisoned (-2 -> -33), heroic
A: fangs 1, strong nose, distributed training, berserk 1, dopey 1, fire
resistance 1
a: Renounce Religion, Heroism


You were on level 8 of the Dungeon.
You worshipped Okawaru.
Okawaru was most pleased with you.
You visited 2 branches of the dungeon, and saw 10 of its levels.
You also visited: Sewer and Ossuary.

You collected 315 gold pieces.

Inventory:

Hand Weapons
 a - a +0 flail
 l - a +1 vorpal flail (weapon)
Armour
 b - a +0 scale mail
 c - a +0 buckler (worn)
 i - a +0 helmet (worn)
 p - a +0 pair of boots (worn)
 D - +0 acid dragon scales (worn)
Jewellery
 m - a +6 ring of dexterity (left hand)
 r - a +6 ring of intelligence
 y - a ring of protection from fire (right hand)
 B - a ring of see invisible
Wands
 s - a wand of paralysis (14)
 z - a wand of acid (13)
 C - a wand of flame (42)
Scrolls
 f - 3 scrolls of enchant weapon
 n - 2 scrolls of identify
 o - 3 scrolls of teleportation
 u - a scroll of vulnerability {unknown}
 v - a scroll of fear {unknown}
 x - 2 scrolls of magic mapping
 A - a scroll of amnesia {unknown}
 E - a scroll of enchant armour {unknown}
Potions
 d - 5 potions of might
 g - 3 potions of haste
 h - 2 potions of invisibility
 k - 5 potions of brilliance
 t - a potion of attraction
 w - 2 potions of lignification


   Skills:
 + Level 9.0(14.0) Fighting
 + Level 6.0(11.0) Short Blades
 + Level 6.0(11.0) Long Blades
 + Level 6.0(11.0) Axes
 + Level 7.6(12.6) Maces & Flails
 + Level 6.0(11.0) Polearms
 + Level 6.0(11.0) Staves
 + Level 6.0(11.0) Slings
 + Level 6.0(11.0) Bows
 + Level 6.0(11.0) Crossbows
 + Level 6.0(11.0) Throwing
 + Level 9.0(14.0) Armour
 + Level 6.0(11.0) Dodging
 + Level 6.0(11.0) Stealth
 + Level 9.0(14.0) Shields
 + Level 6.0(11.0) Unarmed Combat
 + Level 6.0 Spellcasting
 + Level 5.0 Conjurations
 + Level 5.0 Hexes
 + Level 5.0 Summonings
 + Level 5.0 Necromancy
 + Level 5.0 Translocations
 + Level 5.0 Transmutations
 + Level 5.0 Fire Magic
 + Level 5.0 Ice Magic
 + Level 5.0 Air Magic
 + Level 5.0 Earth Magic
 + Level 5.0 Poison Magic
 + Level 6.6 Invocations
 + Level 6.0 Evocations


You had 21 spell levels left.
You didn't know any spells.
Your spell library contained the following spells:

 Spells                   Type           Power      Damage    Failure   Level
 Apportation              Tloc           12%        N/A       4%          1
 Necrotize                Necr           24%        1d5       4%          1
 Sting                    Tmut/Pois      24%        1d4       4%          1
 Poisonous Vapours        Pois/Air       12%        N/A       8%          2
 Olgreb's Toxic Radiance  Pois           6%         N/A       45%         4
 Orb of Destruction       Conj           3%         9d5       100%        7
 Summon Small Mammal      Summ           Unusable   N/A       N/A         1
 Summon Guardian Golem    Hex/Summ       Unusable   N/A       N/A         3
 Spellforged Servitor     Conj/Summ      Unusable   N/A       N/A         7

Dungeon Overview and Level Annotations

Branches:
Dungeon (9/15)             Temple (1/1) D:4           Sewer (visited)
Ossuary (visited)
   Lair: D:8-11         Orc: D:9-12

Altars:
Cheibriados
Dithmenos
Elyvilon
Fedhas
Gozag
Hepliaklqana
Makhleb
Okawaru
Qazlal
Ru
Sif Muna
Trog
Vehumet
Xom
Yredelemnul

Shops:
D:5 (   D:7 ?

Annotations:
D:8 3 runed translucent doors, Amaemon; tabacat's ghost, novice DrCj
D:9 Erica


Innate Abilities, Weirdness & Mutations

You have very sharp teeth.
Your uncanny sense of smell can sniff out nearby items.
Your experience applies equally to all skills.
You tend to lose your temper in combat.
You are dopey. (Int -2)
Your flesh is heat resistant. (rF+)


Message History

Amaemon misses you. Amaemon claws you.
Amaemon tail-slaps you but does no damage.
You block the orange demon's attack.
You sock Amaemon!
Amaemon is severely wounded.
* * * LOW HITPOINT WARNING * * *
You feel very sick.
The scorpion disappears in a puff of smoke!
You closely miss Amaemon.
Amaemon is severely wounded.
Your extra speed is starting to run out.
* * * LOW HITPOINT WARNING * * *
You feel very sick.
Amaemon mumbles some strange words.
The orange demon barely misses you.
You feel better.
You closely miss Amaemon.
Amaemon is severely wounded.
The orange demon misses you.
Amaemon hits you with a +1 demon whip of venom.
* * * LOW HITPOINT WARNING * * *
You are poisoned.
You block Amaemon's attack.
Amaemon tail-slaps you but does no damage.
You fade into invisibility!
You feel very sick. You block Amaemon's attack. Amaemon closely misses you.
Amaemon misses you. The orange demon stings you from afar.
* * * LOW HITPOINT WARNING * * *
You are lethally poisoned!
The orange demon poisons you!
* * * LOW HITPOINT WARNING * * *
You feel very sick.
* * * LOW HITPOINT WARNING * * *
You feel very sick.
Your magical effects are unravelling.
You feel magically purged.
You feel yourself slow down.
You flicker back into view.
You feel a little less mighty now.
You die...

#...# #.# #.#.#
#...###.# #.#.#
..###.......###.#.###
...........4.......# #
##.........ss..##
#.##...###.###4###
.#..#...# #.# #6#
....#...###.###.#### #
#.......^..>@.##.# #.
#.....###........#
#.##.....# #.######.#
##........# #.# #(#
..........# #.# #.#
.......>..# #.# ###.#
..........# #.# #.#.#
.........####.####.#.#
...................#.##


You could see Amaemon (wandering), an orange demon and a scorpion (summoned).

Vanquished Creatures
  Pikel (D:7)
  Maggie (D:8)
  Grum (D:8)
  A water moccasin (D:7)
  3 ice beasts
  A black bear (D:7)
  2 sky beasts (D:7)
  An ogre (D:5)
  4 wolves (D:8)
  2 centaurs
  A lemure (D:7)
  2 phantoms
  A kobold brigand (D:7)
  5 bullfrogs
  2 scorpions
  4 water moccasin zombies (Ossuary)
  4 wights (D:7)
  4 jellies
  2 orc priests (D:6)
  A hound (D:6)
  2 iguanas (D:5)
  2 orc wizards (D:6)
  2 mummies (Ossuary)
  Robin (D:3)
  8 gnolls
  8 adders
  A shadow imp (D:6)
  A white imp (D:6)
  An ufetubus (D:6)
  6 adder zombies (Ossuary)
  2 dart slugs
  17 orcs
  9 ball pythons
  19 endoplasms
  7 giant cockroaches
  3 gnoll zombies (Ossuary)
  12 goblins
  9 hobgoblins
  4 jackals (D:3)
  10 kobolds
  3 quokkas
  10 bats
  4 frilled lizards
  A hobgoblin zombie (Ossuary)
  5 kobold zombies (Ossuary)
  7 orc zombies (Ossuary)
  6 rats
203 creatures vanquished.

Notes
Turn   | Place    | Note
-------+----------+-------------------------------------------
     0 | D:1      | DocClef the Gnoll Fighter began the quest for the Orb.
     0 | D:1      | Reached XP level 1. HP: 23/23 MP: 1/1
    38 | D:1      | Found a faded altar of an unknown god.
   184 | D:1      | Reached XP level 2. HP: 29/29 MP: 2/2
   699 | D:2      | Reached XP level 3. HP: 35/35 MP: 3/3
  1083 | D:2      | Reached skill level 1 in Invocations
  1453 | D:3      | Reached skill level 1 in Short Blades
  1453 | D:3      | Reached skill level 1 in Long Blades
  1453 | D:3      | Reached skill level 1 in Axes
  1453 | D:3      | Reached skill level 1 in Polearms
  1453 | D:3      | Reached skill level 1 in Staves
  1453 | D:3      | Reached skill level 1 in Slings
  1453 | D:3      | Reached skill level 1 in Bows
  1453 | D:3      | Reached skill level 1 in Crossbows
  1453 | D:3      | Reached skill level 1 in Throwing
  1453 | D:3      | Reached skill level 1 in Dodging
  1453 | D:3      | Reached skill level 1 in Stealth
  1453 | D:3      | Reached skill level 1 in Unarmed Combat
  1453 | D:3      | Reached skill level 1 in Spellcasting
  1453 | D:3      | Reached skill level 1 in Evocations
  1687 | D:2      | Reached XP level 4. HP: 2/41 MP: 5/5
  2039 | D:3      | Reached skill level 1 in Conjurations
  2039 | D:3      | Reached skill level 1 in Hexes
  2039 | D:3      | Reached skill level 1 in Summonings
  2039 | D:3      | Reached skill level 1 in Necromancy
  2039 | D:3      | Reached skill level 1 in Translocations
  2039 | D:3      | Reached skill level 1 in Transmutations
  2039 | D:3      | Reached skill level 1 in Fire Magic
  2039 | D:3      | Reached skill level 1 in Ice Magic
  2039 | D:3      | Reached skill level 1 in Air Magic
  2039 | D:3      | Reached skill level 1 in Earth Magic
  2039 | D:3      | Reached skill level 1 in Poison Magic
  2070 | D:3      | Noticed Robin
  2165 | D:4      | Found a staircase to the Ecumenical Temple.
  2192 | Temple   | Entered the Ecumenical Temple
  2257 | Temple   | Became a worshipper of Warmaster Okawaru
  2314 | D:4      | Found a stormy altar of Qazlal.
  2323 | D:4      | Found a white marble altar of Elyvilon.
  2327 | D:4      | Reached XP level 5. HP: 46/47 MP: 6/6
  2342 | D:4      | Found a glowing drain.
  2383 | Sewer    | Entered a sewer
  3012 | Sewer    | Found a viscous altar of Jiyva.
  3248 | D:3      | Killed Robin
  3249 | D:3      | Reached XP level 6. HP: 53/53 MP: 8/8
  3561 | D:3      | Found a shadowy altar of Dithmenos.
  3564 | D:3      | Found a bloodstained altar of Trog.
  3655 | D:3      | Noticed an ice beast
  3670 | D:3      | Killed an ice beast
  3671 | D:3      | Reached skill level 5 in Maces & Flails
  4471 | D:4      | Gained mutation: You tend to lose your temper in combat.
                  | [potion of mutation]
  4471 | D:4      | Gained mutation: Your flesh is heat resistant. (rF+)
                  | [potion of mutation]
  4471 | D:4      | Gained mutation: You are dopey. (Int -2) [potion of
                  | mutation]
  4594 | D:5      | Entered Level 5 of the Dungeon
  4650 | D:5      | Reached XP level 7. HP: 31/59 MP: 10/10
  4986 | D:5      | Found a sacrificial altar of Ru.
  5046 | D:5      | Found a blossoming altar of Fedhas.
  5109 | D:5      | You fall into a shaft and drop 2 floors!
  5177 | D:6      | Found a sand-covered staircase.
  5230 | Ossuary  | Entered an ossuary
  5288 | Ossuary  | Reached * piety under Okawaru
  5555 | Ossuary  | Reached skill level 5 in Short Blades
  5555 | Ossuary  | Reached skill level 5 in Long Blades
  5555 | Ossuary  | Reached skill level 5 in Axes
  5555 | Ossuary  | Reached skill level 5 in Polearms
  5555 | Ossuary  | Reached skill level 5 in Staves
  5555 | Ossuary  | Reached skill level 5 in Slings
  5555 | Ossuary  | Reached skill level 5 in Bows
  5555 | Ossuary  | Reached skill level 5 in Crossbows
  5555 | Ossuary  | Reached skill level 5 in Throwing
  5555 | Ossuary  | Reached skill level 5 in Dodging
  5555 | Ossuary  | Reached skill level 5 in Stealth
  5555 | Ossuary  | Reached skill level 5 in Unarmed Combat
  5555 | Ossuary  | Reached skill level 5 in Spellcasting
  5555 | Ossuary  | Reached skill level 5 in Invocations
  5555 | Ossuary  | Reached skill level 5 in Evocations
  5555 | Ossuary  | Reached XP level 8. HP: 69/69 MP: 11/15
  5728 | D:7      | Reached XP level 9. HP: 22/75 MP: 16/16
  7071 | D:5      | Reached ** piety under Okawaru
  7341 | D:5      | Found Nimaifad's Weapon Shop.
  8053 | D:6      | Found a radiant altar of Vehumet.
  8355 | D:7      | Found Hepidul's Magic Scroll Shop.
  8385 | D:7      | Noticed Pikel
  8404 | D:7      | Killed Pikel
  8479 | D:7      | Reached XP level 10. HP: 39/82 MP: 16/18
  8707 | D:7      | Reached *** piety under Okawaru
  9169 | D:7      | Found an opulent altar of Gozag.
  9391 | D:8      | Noticed Maggie
  9411 | D:8      | Killed Maggie
  9474 | D:8      | Found a runed translucent gate.
  9474 | D:8      | Found a runed translucent gate.
  9476 | D:8      | Found a runed translucent gate.
  9480 | D:8      | Noticed tabacat's ghost (novice DrCj)
  9530 | D:8      | Noticed Grum
  9547 | D:8      | Reached skill level 5 in Conjurations
  9547 | D:8      | Reached skill level 5 in Hexes
  9547 | D:8      | Reached skill level 5 in Summonings
  9547 | D:8      | Reached skill level 5 in Necromancy
  9547 | D:8      | Reached skill level 5 in Translocations
  9547 | D:8      | Reached skill level 5 in Transmutations
  9547 | D:8      | Reached skill level 5 in Fire Magic
  9547 | D:8      | Reached skill level 5 in Ice Magic
  9547 | D:8      | Reached skill level 5 in Air Magic
  9547 | D:8      | Reached skill level 5 in Earth Magic
  9547 | D:8      | Reached skill level 5 in Poison Magic
  9552 | D:8      | Killed Grum
  9722 | D:8      | Noticed Amaemon
  9722 | D:8      | Noticed an orange demon
  9735 | D:9      | Noticed Erica
  9809 | D:8      | HP: 2/83 [poisoned by an orange demon]
  9810 | D:8      | Succumbed to an orange demon's poison

Illustrated notes

Levels and vault maps discovered:
D:1:      lightli_arrival_windingriver, layout_basic, basic_ecumenical_altar
D:2:      layout_rooms
D:3:      minmay_door_path, layout_loops_ring, nicolae_overflow_squiral,
          uniq_robin
D:4:      layout_basic, mainiacjoe_overflow_concentric_impassable,
          lemuel_crystal_altar, temple_pool_b, gup_sewer_entry_glass
D:5:      layout_basic, mainiacjoe_overflow_cross_hatched,
          nicolae_ru_awakened_eye, serial_curves, eino_curves_04,
          eino_curves_04, serial_shops, nicolae_shop_bloodbath_and_beyond
D:6:      layout_gridville, lemuel_coloured_pillars_altar,
          nicolae_ossuary_entry_monument
D:7:      layout_loops_ring, mainiacjoe_overflow_six_doors_small, serial_shops,
          shop_scrolls, item_on_display_a, uniq_pikel
D:8:      layout_basic, gammafunk_ghost_necromancy, uniq_prince_ribbit1,
          uniq_maggie, uniq_grum, uniq_amaemon
D:9:      layout_rooms, erik_lair_island, orc_0_dummy, minmay_liquid_box,
          minmay_door_square, uniq_psyche, uniq_erica
Temple:   nicolae_temple_hex_pool

Skill      XL: |  1  2  3  4  5  6  7  8  9 10 |
---------------+-------------------------------+-----
Invocations    | 1 2 5 6 |  6.6
Short Blades   | 1 2 5 6 |  6.0
Long Blades    | 1 2 5 6 |  6.0
Axes           | 1 2 5 6 |  6.0
Polearms       | 1 2 5 6 |  6.0
Staves         | 1 2 5 6 |  6.0
Slings         | 1 2 5 6 |  6.0
Bows           | 1 2 5 6 |  6.0
Crossbows      | 1 2 5 6 |  6.0
Throwing       | 1 2 5 6 |  6.0
Dodging        | 1 2 5 6 |  6.0
Stealth        | 1 2 5 6 |  6.0
Unarmed Combat | 1 2 5 6 |  6.0
Spellcasting   | 1 2 5 6 |  6.0
Evocations     | 1 2 5 6 |  6.0
Conjurations   | 1 4 5 |  5.0
Hexes          | 1 4 5 |  5.0
Summonings     | 1 4 5 |  5.0
Necromancy     | 1 4 5 |  5.0
Translocations | 1 4 5 |  5.0
Transmutations | 1 4 5 |  5.0
Fire Magic     | 1 4 5 |  5.0
Ice Magic      | 1 4 5 |  5.0
Air Magic      | 1 4 5 |  5.0
Earth Magic    | 1 4 5 |  5.0
Poison Magic   | 1 4 5 |  5.0
Maces & Flails | 5 7 |  7.6
Fighting       | 8 9 |  9.0
Armour         | 8 9 |  9.0
Shields        | 8 9 |  9.0

Action                   |  1- 3 |  4- 6 |  7- 9 | 10-12 || total
-------------------------+-------+-------+-------+-------++-------
Melee: Flail             |   107 |   217 |   300 |   110 ||   734
       Bite              |     7 |    17 |    31 |    16 ||    71
Invok: Heroism           |       |       |     4 |     3 ||     7
Evoke: Wand              |       |       |       |     1 ||     1
  Use: Potion            |     2 |     5 |     5 |    10 ||    22
       Scroll            |     6 |     1 |     3 |       ||    10
 Stab: Sleeping          |       |       |     2 |       ||     2
Armor: Scale mail        |    57 |   121 |   156 |    15 ||   349
       Acid dragon scale |       |       |       |    24 ||    24
Dodge: Dodged            |    60 |   101 |   166 |    78 ||   405
Block: Buckler           |    39 |    75 |    90 |    50 ||   254

Table legend: (Time is in decaauts)
 A = Elapsed time spent in this place.
 B = Non-inter-level travel time spent in this place.
 C = Inter-level travel time spent in this place.
 D = Time resting spent in this place.
 E = Time spent auto-exploring this place.
 F = Levels seen in this place.
 G = Mean time per level.
                   A        B        C        D        E       F      G
               +--------+--------+--------+--------+--------+-----+--------+
         Total |   9937 |   9571 |    366 |   2328 |   5572 |  12 |  828.1 |
       Dungeon |   8751 |   8407 |    344 |   1921 |   5102 |   9 |  972.3 |
        Temple |     88 |     66 |     22 |      0 |     58 |   1 |   88.0 |
         Sewer |    695 |    695 |      0 |    288 |    270 |   1 |  695.0 |
       Ossuary |    402 |    402 |      0 |    119 |    141 |   1 |  402.0 |
               +--------+--------+--------+--------+--------+-----+--------+

Top non-repeatable levels by time:
     D:7: 1707 daAuts
     D:6: 1483 daAuts
     D:5: 1256 daAuts
     D:2: 1245 daAuts
     D:3: 1147 daAuts
     D:4: 797 daAuts
     D:1: 702 daAuts
   Sewer: 695 daAuts
     D:8: 409 daAuts
 Ossuary: 402 daAuts
  Temple: 88 daAuts
     D:9: 1 daAuts
